| TOP OF THE 1ST |
|
Oakland (APP) Athletics batting - Pitching for Bluefield Blue Jays : RHP Marcus Reiling
|
|
Pitching: RHP Marcus Reiling
|
|
|
Batting: RHB Scott Lister
|
0-0: Ball 1-0: Ball 2-0: Called Strike 2-1: Foul Ball, location: 2F 2-2: Ball 3-2: Base on Balls
|
|
Batting: RHB Gabe Secundino
|
0-0: Fly out, F8 (Flyball, 8LM, EV 81.2 MPH)
|
|
Batting: LHB Alejandro Muniz
|
0-0: Called Strike Scott Lister is caught stealing 2nd base 2-6 0-1: Ball 1-1: Ball 2-1: Single, Error in OF, E8, batter to second base (Groundball, 4D, EV 97.5 MPH)
|
|
Batting: LHB Roscoe Romaine
|
0-0: Ball 1-0: Swinging Strike 1-1: Foul Ball, location: 2F 1-2: Ball 2-2: Ball 3-2: Fly out, F7 (Flyball, 78D, EV 87.5 MPH)
|
| Top of the 1st over - 0 runs, 1 hit, 1 error, 1 left on base; Oakland (APP) 0 - Bluefield 0 |
| BOTTOM OF THE 1ST |
|
Bluefield Blue Jays batting - Pitching for Oakland (APP) Athletics : RHP Paul Olson
|
|
Pitching: RHP Paul Olson
|
|
|
Batting: LHB Nate Greening
|
0-0: Ball 1-0: Ball 2-0: Ball 3-0: Base on Balls
|
|
Batting: RHB Akira Kubo
|
0-0: Ball Nate Greening is caught stealing 2nd base 2-4 1-0: Ball 2-0: Ball 3-0: Called Strike 3-1: Ball
|
|
Batting: RHB Terry Plumley
|
0-0: Ball 1-0: Ball Akira Kubo steals 2nd base 2-0: 2-RUN HOME RUN (Flyball, 7D, EV 95.0 MPH), Distance : 373 ft
|
|
Batting: RHB John Rios
|
0-0: Ball 1-0: DOUBLE (Line Drive, 9LS, EV 99.4 MPH)
|
|
Batting: RHB Jorge Cruz
|
0-0: Called Strike 0-1: Ball 1-1: Foul Ball, location: 2F 1-2: Ball 2-2: Strikes out swinging
|
|
Batting: LHB Lothar Middelkoop
|
0-0: Ball 1-0: Foul Ball, location: 2F 1-1: Called Strike 1-2: Ground out 4-3 (Groundball, 4, EV 109.4 MPH)
|
| Bottom of the 1st over - 2 runs, 2 hits, 0 errors, 1 left on base; Oakland (APP) 0 - Bluefield 2 |
| TOP OF THE 2ND |
|
Oakland (APP) Athletics batting - Pitching for Bluefield Blue Jays : RHP Marcus Reiling
|
|
Batting: LHB Felipe Gomez
|
0-0: Foul Ball, location: 2F 0-1: Reached on error, E3 (Groundball, 34S, EV 82.5 MPH)
|
|
Batting: RHB Ryan Jennings
|
0-0: Called Strike 0-1: Foul Ball, location: 2F 0-2: Strikes out swinging
|
|
Batting: RHB Edgardo Rivera
|
0-0: Ball 1-0: Swinging Strike 1-1: SINGLE (Line Drive, 78S, EV 105.0 MPH) Felipe Gomez to second
|
|
Batting: RHB Ricardo Claros
|
0-0: Ball Felipe Gomez steals 3rd base 1-0: Ball 2-0: Foul Ball, location: 2F 2-1: Ball 3-1: Base on Balls Edgardo Rivera to second
|
|
Batting: RHB Phoctor Dill
|
0-0: Ball 1-0: Foul Ball, location: 2F 1-1: SINGLE (Line Drive, 8LS, EV 96.2 MPH) Felipe Gomez scores Edgardo Rivera to third Ricardo Claros to second
|
|
Batting: RHB Scott Lister
|
0-0: Ball 1-0: Foul Ball, location: 2F 1-1: Foul Ball, location: 2F 1-2: Ball 2-2: Strikes out swinging
|
|
Batting: RHB Gabe Secundino
|
0-0: Foul Ball, location: 2F 0-1: Ball 1-1: Ball 2-1: Ball 3-1: Called Strike 3-2: Fly out, F9 (Flyball, 9S, EV 92.5 MPH)
|
| Top of the 2nd over - 1 run, 2 hits, 1 error, 3 left on base; Oakland (APP) 1 - Bluefield 2 |
| BOTTOM OF THE 2ND |
|
Bluefield Blue Jays batting - Pitching for Oakland (APP) Athletics : RHP Paul Olson
|
|
Batting: LHB Ron de Vos
|
0-0: Ball 1-0: Ball 2-0: Foul Ball, location: 2F 2-1: Ground out 4-3 (Groundball, 4S, EV 91.2 MPH)
|
|
Batting: RHB Manny Elizondo
|
0-0: Ball 1-0: Foul Ball, location: 2F 1-1: Ball 2-1: Ball 3-1: Swinging Strike 3-2: Strikes out swinging
|
|
Batting: RHB Jorge Alva
|
0-0: Called Strike 0-1: Ball 1-1: DOUBLE (Flyball, 8LD, EV 108.8 MPH)
|
|
Batting: LHB Nate Greening
|
0-0: Called Strike 0-1: Called Strike 0-2: Foul Ball, location: 2F 0-2: Ball 1-2: Foul Ball, location: 2F 1-2: Strikes out swinging
|
| Bottom of the 2nd over - 0 runs, 1 hit, 0 errors, 1 left on base; Oakland (APP) 1 - Bluefield 2 |
| TOP OF THE 3RD |
|
Oakland (APP) Athletics batting - Pitching for Bluefield Blue Jays : RHP Marcus Reiling
|
|
Batting: LHB Alejandro Muniz
|
0-0: Called Strike 0-1: Called Strike 0-2: Ball 1-2: Foul Ball, location: 2F 1-2: Ball 2-2: Ball 3-2: Foul Ball, location: 2F 3-2: Ground out 1-3 (Groundball, 13S, EV 68.8 MPH)
|
|
Batting: LHB Roscoe Romaine
|
0-0: Foul Ball, location: 2F 0-1: Ball 1-1: Called Strike 1-2: Strikes out looking
|
|
Batting: LHB Felipe Gomez
|
0-0: Called Strike 0-1: Ball 1-1: Ground out 4-3 (Groundball, 4, EV 86.2 MPH)
|
| Top of the 3rd over - 0 runs, 0 hits, 0 errors, 0 left on base; Oakland (APP) 1 - Bluefield 2 |
| BOTTOM OF THE 3RD |
|
Bluefield Blue Jays batting - Pitching for Oakland (APP) Athletics : RHP Paul Olson
|
|
Pitching: RHP Quincy Potvin
|
|
|
Batting: RHB Akira Kubo
|
0-0: Called Strike 0-1: Ball 1-1: Swinging Strike 1-2: Ground out 6-3 (Groundball, 6M, EV 89.4 MPH)
|
|
Batting: RHB Terry Plumley
|
0-0: Foul Ball, location: 2F 0-1: Ground out 5-3 (Groundball, 56, EV 92.5 MPH)
|
|
Batting: RHB John Rios
|
0-0: Ball 1-0: Ball 2-0: Called Strike 2-1: Ball 3-1: Base on Balls
|
|
Batting: RHB Jorge Cruz
|
0-0: Ball 1-0: Ball 2-0: Fly out, F8 (Line Drive, 8LM, EV 88.8 MPH)
|
| Bottom of the 3rd over - 0 runs, 0 hits, 0 errors, 1 left on base; Oakland (APP) 1 - Bluefield 2 |
| TOP OF THE 4TH |
|
Oakland (APP) Athletics batting - Pitching for Bluefield Blue Jays : RHP Marcus Reiling
|
|
Batting: RHB Ryan Jennings
|
0-0: Called Strike 0-1: Ball 1-1: Foul Ball, location: 2F 1-2: Ball 2-2: Foul Ball, location: 2F 2-2: Foul Ball, location: 2F 2-2: Ball 3-2: Base on Balls
|
|
Batting: RHB Edgardo Rivera
|
0-0: Ball 1-0: Swinging Strike 1-1: Fly out, F9 (Line Drive, 9LS, EV 90.6 MPH)
|
|
Batting: RHB Ricardo Claros
|
0-0: Called Strike 0-1: Ball 1-1: Foul Ball, location: 2F 1-2: Ball 2-2: Ball 3-2: Foul Ball, location: 2F 3-2: Strikes out swinging
|
|
Batting: RHB Phoctor Dill
|
0-0: Ball 1-0: Ground out 6-3 (Groundball, 6S, EV 89.4 MPH)
|
| Top of the 4th over - 0 runs, 0 hits, 0 errors, 1 left on base; Oakland (APP) 1 - Bluefield 2 |
| BOTTOM OF THE 4TH |
|
Bluefield Blue Jays batting - Pitching for Oakland (APP) Athletics : RHP Quincy Potvin
|
|
Batting: LHB Lothar Middelkoop
|
0-0: Ball 1-0: Called Strike 1-1: Foul Ball, location: 2F 1-2: Foul Ball, location: 2F 1-2: Ball 2-2: SOLO HOME RUN (Flyball, 8RXD, EV 110.0 MPH), Distance : 436 ft
|
|
Batting: LHB Ron de Vos
|
0-0: Hit by Pitch
|
|
Batting: RHB Manny Elizondo
|
0-0: Ball 1-0: Ball 2-0: Foul Ball, location: 2F 2-1: Swinging Strike 2-2: Foul Ball, location: 2F 2-2: Foul Ball, location: 2F 2-2: SINGLE (Flyball, 6D, EV 86.2 MPH) Ron de Vos to second
|
|
Pitching: RHP Kian-tat Guao
|
|
|
Batting: RHB Jorge Alva
|
0-0: Called Strike 0-1: Ball 1-1: Ball 2-1: Swinging Strike 2-2: Strikes out swinging
|
|
Batting: LHB Nate Greening
|
0-0: Ball 1-0: 3-RUN HOME RUN (Line Drive, 89XD, EV 109.4 MPH), Distance : 425 ft
|
|
Batting: RHB Akira Kubo
|
0-0: Ball 1-0: Foul Ball, location: 2F 1-1: Foul Ball, location: 2F 1-2: Ball 2-2: Ball 3-2: SINGLE (Line Drive, 6M, EV 100.0 MPH)
|
|
Batting: RHB Terry Plumley
|
0-0: Ball 1-0: 2-RUN HOME RUN (Flyball, 7D, EV 96.9 MPH), Distance : 382 ft
|
|
Batting: RHB John Rios
|
0-0: Called Strike 0-1: Called Strike 0-2: Ball 1-2: Ball 2-2: Ground out U3 (Groundball, 34, EV 106.2 MPH)
|
|
Batting: RHB Jorge Cruz
|
0-0: Swinging Strike 0-1: Swinging Strike 0-2: SOLO HOME RUN (Flyball, 8LXD, EV 115.6 MPH), Distance : 453 ft
|
|
Pitching: RHP Santiago Gonzalez
|
|
|
Batting: LHB Lothar Middelkoop
|
0-0: Called Strike 0-1: Fly out, F8 (Line Drive, 8RM, EV 103.1 MPH)
|
| Bottom of the 4th over - 7 runs, 6 hits, 0 errors, 0 left on base; Oakland (APP) 1 - Bluefield 9 |
| TOP OF THE 5TH |
|
Oakland (APP) Athletics batting - Pitching for Bluefield Blue Jays : RHP Marcus Reiling
|
|
Batting: RHB Scott Lister
|
0-0: Ball 1-0: Ball 2-0: Called Strike 2-1: Foul Ball, location: 2F 2-2: Strikes out looking
|
|
Batting: RHB Gabe Secundino
|
0-0: Swinging Strike 0-1: Ground out 1-3 (Groundball, P, EV 65.0 MPH)
|
|
Batting: LHB Alejandro Muniz
|
0-0: Ground out 4-3 (Groundball, 4, EV 106.9 MPH)
|
| Top of the 5th over - 0 runs, 0 hits, 0 errors, 0 left on base; Oakland (APP) 1 - Bluefield 9 |
| BOTTOM OF THE 5TH |
|
Bluefield Blue Jays batting - Pitching for Oakland (APP) Athletics : RHP Santiago Gonzalez
|
|
Batting: LHB Ron de Vos
|
0-0: Ball 1-0: SINGLE (Flyball, 7, EV 90.6 MPH)
|
|
Batting: RHB Manny Elizondo
|
0-0: Ball 1-0: Fielders Choice at 2nd, 6-4 (Groundball, 6, EV 105.6 MPH)
|
|
Batting: RHB Jorge Alva
|
0-0: Grounds out, U3 (Groundball, 3L, EV 107.5 MPH)
|
|
Batting: LHB Nate Greening
|
0-0: Ground out 5-3 (Groundball, 56S, EV 66.2 MPH)
|
| Bottom of the 5th over - 0 runs, 1 hit, 0 errors, 1 left on base; Oakland (APP) 1 - Bluefield 9 |
| TOP OF THE 6TH |
|
Oakland (APP) Athletics batting - Pitching for Bluefield Blue Jays : RHP Marcus Reiling
|
|
Pitching: RHP Jason Hanson
|
|
|
Batting: LHB Roscoe Romaine
|
0-0: Ball 1-0: Called Strike 1-1: Swinging Strike 1-2: Ball 2-2: Ball 3-2: Fly out, F9 (Flyball, 89S, EV 93.8 MPH)
|
|
Batting: LHB Felipe Gomez
|
0-0: Ball 1-0: Fly out, F7 (Flyball, 7LD, EV 106.9 MPH)
|
|
Batting: RHB Ryan Jennings
|
0-0: Foul Ball, location: 2F 0-1: Foul Ball, location: 2F 0-2: Ball 1-2: Strikes out looking
|
| Top of the 6th over - 0 runs, 0 hits, 0 errors, 0 left on base; Oakland (APP) 1 - Bluefield 9 |
| BOTTOM OF THE 6TH |
|
Bluefield Blue Jays batting - Pitching for Oakland (APP) Athletics : RHP Santiago Gonzalez
|
|
Batting: RHB Akira Kubo
|
0-0: Swinging Strike 0-1: Foul Ball, location: 2F 0-2: Ball 1-2: Fly out, F7 (Flyball, 7LM, EV 90.0 MPH)
|
|
Batting: RHB Terry Plumley
|
0-0: Ball 1-0: Ball 2-0: Ball 3-0: Base on Balls
|
|
Batting: RHB John Rios
|
0-0: Ball 1-0: Called Strike 1-1: Foul Ball, location: 2F 1-2: Ball 2-2: Ball 3-2: Foul Ball, location: 2F 3-2: Base on Balls Terry Plumley to second
|
|
Batting: RHB Jorge Cruz
|
0-0: Foul Ball, location: 2F 0-1: Foul Ball, location: 2F 0-2: Ball 1-2: Ball 2-2: Foul Ball, location: 2F 2-2: Ball Wild Pitch! Terry Plumley to third John Rios to second 3-2: Base on Balls
|
|
Batting: LHB Lothar Middelkoop
|
0-0: SINGLE (Groundball, 15S, EV 68.8 MPH) (infield hit) Terry Plumley scores John Rios to third Jorge Cruz to second
|
|
Batting: LHB Ron de Vos
|
0-0: Grounds into double play, 6-4-3 (Groundball, 6M, EV 105.6 MPH)
|
| Bottom of the 6th over - 1 run, 1 hit, 0 errors, 2 left on base; Oakland (APP) 1 - Bluefield 10 |
| TOP OF THE 7TH |
|
Oakland (APP) Athletics batting - Pitching for Bluefield Blue Jays : RHP Jason Hanson
|
|
Now at 1B: Terry Plumley
|
|
|
Now at 3B: Dustin Bargman
|
|
|
Now in LF: Manny Elizondo
|
|
|
Now in CF: Ron de Vos
|
|
|
Now in RF: Mike Chamberlain
|
|
|
Batting: RHB Edgardo Rivera
|
0-0: Foul Ball, location: 2F 0-1: Ball 1-1: Called Strike 1-2: Foul Ball, location: 2F 1-2: Foul Ball, location: 2F 1-2: Strikes out swinging
|
|
Pinch Hitting: SHB Raul Herrera
|
0-0: Ball 1-0: Foul Ball, location: 2F 1-1: Ball 2-1: Ground out 6-3 (Groundball, 6, EV 89.4 MPH)
|
|
Batting: RHB Phoctor Dill
|
0-0: Called Strike 0-1: Ground out 6-3 (Groundball, 6, EV 101.9 MPH)
|
| Top of the 7th over - 0 runs, 0 hits, 0 errors, 0 left on base; Oakland (APP) 1 - Bluefield 10 |
| BOTTOM OF THE 7TH |
|
Bluefield Blue Jays batting - Pitching for Oakland (APP) Athletics : RHP Santiago Gonzalez
|
|
Now in LF: Raul Herrera
|
|
|
Batting: RHB Manny Elizondo
|
0-0: Called Strike 0-1: Fly out, F9 (Flyball, 9S, EV 93.1 MPH)
|
|
Batting: RHB Mike Chamberlain
|
0-0: Ball 1-0: Ball 2-0: Ball 3-0: Base on Balls
|
|
Pitching: RHP Emanuel Andrade
|
|
|
Batting: LHB Nate Greening
|
0-0: Ball 1-0: Called Strike 1-1: Foul Ball, location: 2F 1-2: Ball 2-2: Foul Ball, location: 2F 2-2: Strikes out swinging
|
|
Batting: RHB Dustin Bargman
|
0-0: Ball 1-0: Called Strike 1-1: Foul Ball, location: 2F 1-2: Ball 2-2: Fielders Choice at 2nd, 6-4 (Groundball, 6, EV 90.0 MPH)
|
| Bottom of the 7th over - 0 runs, 0 hits, 0 errors, 1 left on base; Oakland (APP) 1 - Bluefield 10 |
| TOP OF THE 8TH |
|
Oakland (APP) Athletics batting - Pitching for Bluefield Blue Jays : RHP Jason Hanson
|
|
Now in RF: Benedikt Fleischmann
|
|
|
Batting: RHB Scott Lister
|
0-0: Ball 1-0: Called Strike 1-1: Ball 2-1: Foul Ball, location: 2F 2-2: Foul Ball, location: 2F 2-2: Ball 3-2: Strikes out swinging
|
|
Batting: RHB Gabe Secundino
|
0-0: Ball 1-0: Ball 2-0: Called Strike 2-1: Ball 3-1: Base on Balls
|
|
Batting: LHB Alejandro Muniz
|
0-0: Ball 1-0: Foul Ball, location: 2F 1-1: Ball 2-1: Foul Ball, location: 2F 2-2: Fly out, F8 (Flyball, 8LM, EV 92.5 MPH)
|
|
Batting: LHB Roscoe Romaine
|
0-0: Ball 1-0: Ball 2-0: Called Strike 2-1: Foul Ball, location: 2F 2-2: Foul Ball, location: 2F 2-2: Ball 3-2: Hit by Pitch Gabe Secundino to second
|
|
Batting: LHB Felipe Gomez
|
0-0: Called Strike 0-1: Ball 1-1: 3-RUN HOME RUN (Flyball, 9D, EV 95.6 MPH), Distance : 379 ft
|
|
Pitching: RHP Philip Sonnichsen
|
|
|
Batting: RHB Ryan Jennings
|
0-0: Called Strike 0-1: Ground out 6-3 (Groundball, 56, EV 80.0 MPH)
|
| Top of the 8th over - 3 runs, 1 hit, 0 errors, 0 left on base; Oakland (APP) 4 - Bluefield 10 |
| BOTTOM OF THE 8TH |
|
Bluefield Blue Jays batting - Pitching for Oakland (APP) Athletics : RHP Emanuel Andrade
|
|
Batting: RHB Terry Plumley
|
0-0: Ball 1-0: Ball 2-0: Ball 3-0: Called Strike 3-1: Swinging Strike 3-2: Base on Balls
|
|
Batting: RHB John Rios
|
0-0: Foul Ball, location: 2F 0-1: Ball 1-1: Called Strike 1-2: Strikes out looking
|
|
Batting: RHB Jorge Cruz
|
0-0: Ball 1-0: Foul Ball, location: 2F 1-1: Foul Ball, location: 2F 1-2: Ball 2-2: Foul Ball, location: 2F 2-2: Strikes out swinging
|
|
Batting: LHB Lothar Middelkoop
|
0-0: Ball 1-0: Ball 2-0: Ball 3-0: Base on Balls Terry Plumley to second
|
|
Batting: LHB Ron de Vos
|
0-0: Swinging Strike 0-1: Ball 1-1: Foul Ball, location: 2F 1-2: Strikes out swinging
|
| Bottom of the 8th over - 0 runs, 0 hits, 0 errors, 2 left on base; Oakland (APP) 4 - Bluefield 10 |
| TOP OF THE 9TH |
|
Oakland (APP) Athletics batting - Pitching for Bluefield Blue Jays : RHP Philip Sonnichsen
|
|
Batting: RHB Edgardo Rivera
|
0-0: Swinging Strike 0-1: Swinging Strike 0-2: Ball 1-2: Foul Ball, location: 2F 1-2: Strikes out swinging
|
|
Batting: SHB Raul Herrera
|
0-0: Ball 1-0: Ball 2-0: Ball 3-0: Called Strike 3-1: Swinging Strike 3-2: SINGLE (Groundball, 3D, EV 100.0 MPH)
|
|
Batting: RHB Phoctor Dill
|
0-0: Foul Ball, location: 2F 0-1: Foul Ball, location: 2F 0-2: Fly out, F9 (Flyball, 9, EV 95.0 MPH)
|
|
Batting: RHB Scott Lister
|
0-0: Ball 1-0: Ball 2-0: Called Strike 2-1: Foul Ball, location: 2F 2-2: Strikes out swinging
|
| Top of the 9th over - 0 runs, 1 hit, 0 errors, 1 left on base; Oakland (APP) 4 - Bluefield 10 |
|